Map: Interloper LE

Players

Zanster - Winner!

  • Race: Zerg Zerg
  • Spawn Location: 5:00

SpeCial

  • Race: Terran Terran
  • Spawn Location: 11:00

Event: WCS Montreal 2017

VOD

Have the link to the VOD?

Description

Time

  • Played on: Sept. 8, 2017, 5:04 p.m.
  • Length: 32:47

All games in this series

Show
View Real Time Build Order
Export as new Build Order

Zanster Zerg - Winner!

Build Orders: Hatch First 

Get SALT Encoding   

  12  0:00  Drone  
  13  0:12  Overlord  
  13  0:17  Drone  
  14  0:30  Drone x2  
  14  0:34  Drone  
  17  0:52  Hatchery  
  17  0:56  Drone  
  17  0:58  Drone  
  18  1:10  Extractor  
  17  1:14  Spawning Pool  
  17  1:16  Drone  
  17  1:19  Drone  
  18  1:28  Drone  
  19  1:39  Drone  
  20  1:49  Overlord  
  20  2:01  Queen  
  20  2:03  Queen  
  20  2:04  Zergling x4  
  26  2:10  Metabolic Boost  
  26  2:25  Hatchery  
  26  2:27  Drone  
  26  2:29  Drone  
  27  2:33  Drone  
  27  2:34  Drone  
  29  2:38  Drone  
  29  2:42  Drone  
  31  2:47  Queen  
  33  2:52  Overlord  
  33  2:56  Drone  
  33  2:58  Drone  
  35  3:00  Drone  
  35  3:04  Overlord  
  36  3:15  Zergling x4  
  36  3:16  Drone  
  36  3:17  Drone x3  
  36  3:18  Drone  
  43  3:22  Drone  
  44  3:29  Queen  
  44  3:33  Overlord  
  46  3:35  Drone  
  46  3:38  Drone  
  46  3:39  Drone  
  49  3:44  Drone  
  49  3:45  Drone x4  
  54  3:50  Queen  
  56  3:57  Queen  
  56  3:59  Overlord  
  56  4:02  Drone x2  
  60  4:06  Zergling x6  
  63  4:13  Zergling x6  
  63  4:15  Spore Crawler  
  65  4:17  Spore Crawler  
  63  4:25  Queen  
  63  4:27  Extractor  
  63  4:29  Zergling x2  
  63  4:30  Evolution Chamber x2, Zergling x6  
  66  4:31  Zergling x2  
  66  4:36  Overlord  
  66  4:37  Overlord  
  65  4:47  Overlord  
  65  4:54  Baneling Nest  
  65  4:55  Drone x8  
  65  4:57  Drone  
  73  5:13  Spore Crawler  
  73  5:14  Drone x8  
  61  5:18  Zergling x2  
  69  5:24  Zergling x4  
  71  5:32  Drone x5  
  74  5:38  Zerg Melee Weapons Level 1, Zerg Ground Armor Level 1  
  74  5:41  Drone  
  74  5:42  Drone x2  
  71  5:49  Baneling  
  70  5:50  Baneling x4  
  70  5:53  Overlord  
  70  5:54  Drone  
  70  5:55  Drone x4  
  75  5:59  Queen  
  77  6:07  Zergling x4  
  77  6:08  Overlord, Zergling x2  
  77  6:10  Drone x3  
  77  6:11  Drone  
  84  6:13  Extractor, Lair  
  84  6:14  Extractor  
  84  6:15  Drone x3  
  85  6:21  Drone  
  86  6:29  Drone x3  
  86  6:31  Drone  
  89  6:39  Zergling x8  
  92  6:41  Extractor, Drone x4  
  92  6:42  Extractor, Drone  
  92  6:46  Overlord  
  95  6:50  Zergling x2  
  95  6:51  Zergling x2  
  95  6:52  Hatchery  
  95  6:53  Overlord  
  96  6:58  Zergling x8  
  96  7:00  Overlord  
  100  7:10  Zergling x8  
  100  7:11  Zergling x8  
  108  7:17  Hydralisk Den, Zergling x2  
  107  7:27  Overlord  
  107  7:31  Baneling x3  
  107  7:33  Drone x4  
  107  7:34  Roach Warren  
  107  7:35  Infestation Pit, Drone x4  
  107  7:37  Zerg Ground Armor Level 2, Zerg Missile Weapons Level 1  
  111  7:40  Drone x2  
  111  7:48  Hydralisk  
  111  7:49  Muscular Augments, Hydralisk x4  
  121  7:58  Hydralisk x3  
  118  7:59  Zergling x10  
  129  8:06  Drone  
  129  8:07  Drone x2  
  129  8:08  Baneling x3  
  131  8:15  Hive  
  131  8:17  Overlord  
  131  8:22  Drone x6  
  131  8:25  Extractor x2  
  133  8:32  Hydralisk x6  
  138  8:37  Hatchery  
  138  8:39  Baneling x3  
  124  8:50  Drone x3  
  124  8:51  Drone x2  
  124  8:52  Drone x3  
  132  8:58  Spire, Glial Reconstitution  
  132  8:59  Roach  
  132  9:00  Roach x2  
  132  9:02  Overlord  
  137  9:06  Overlord  
  137  9:07  Drone  
  137  9:08  Drone x4  
  139  9:10  Drone  
  139  9:11  Drone x3  
  134  9:27  Roach x3  
  134  9:28  Roach x7  
  134  9:29  Roach  
  134  9:30  Extractor  
  152  9:47  Overlord x3  
  152  9:48  Viper x3  
  152  9:51  Overlord  
  161  9:58  Roach, Hydralisk  
  161  9:59  Roach x4  
  173  10:01  Overlord  
  173  10:05  Hydralisk x4  
  181  10:09  Drone x4  
  181  10:13  Greater Spire  
  185  10:17  Zerg Missile Weapons Level 2  
  185  10:27  Drone x3  
  188  10:34  Spine Crawler  
  185  10:36  Spine Crawler, Zerg Ground Armor Level 3  
  185  10:37  Overlord  
  185  10:39  Roach x6  
  185  10:41  Extractor  
  195  10:48  Roach x3  
  198  11:06  Drone x4  
  198  11:07  Spore Crawler  
  198  11:09  Spore Crawler, Drone x4  
  200  11:12  Hatchery  
  200  11:13  Pneumatized Carapace  
  200  11:18  Viper, Evolution Chamber  
  196  11:21  Evolution Chamber  
  191  11:32  Viper x3  
  187  11:43  Roach x8  
  199  11:51  Zerg Flyer Armor Level 1  
  199  11:56  Burrow  
  199  12:01  Evolution Chamber  
  196  12:02  Evolution Chamber  
  196  12:03  Drone x5  
  196  12:06  Evolution Chamber  
  196  12:08  Ravager x3  
  200  12:10  Overlord  
  174  12:34  Hydralisk x3  
  174  12:35  Hydralisk x10  
  174  12:36  Spire  
  193  12:47  Zerg Missile Weapons Level 3  
  193  12:49  Overlord x2  
  189  13:16  Hydralisk  
  189  13:17  Roach, Hydralisk x7  
  185  13:35  Roach x4, Hydralisk  
  185  13:36  Roach  
  197  13:42  Hydralisk  
  197  13:43  Roach, Hydralisk  
  187  13:49  Roach  
  187  13:50  Roach x5  
  193  14:07  Zerg Flyer Armor Level 2  
  193  14:08  Zerg Flyer Weapons Level 1  
  183  14:20  Drone x5  
  188  14:27  Hatchery  
  187  14:35  Spine Crawler  
  187  14:36  Spine Crawler  
  187  14:37  Drone  
  187  14:38  Drone  
  187  14:39  Spine Crawler x2  
  187  14:40  Spine Crawler  
  187  14:43  Zerg Melee Weapons Level 2  
  184  14:51  Hydralisk x8  
  200  14:57  Drone  
  200  14:58  Drone x5  
  184  15:11  Hydralisk x4  
  192  15:14  Drone  
  192  15:15  Drone x6  
  195  15:30  Roach  
  197  15:39  Overlord x2  
  173  15:50  Hydralisk  
  173  15:51  Roach x5, Hydralisk x6  
  179  15:59  Viper  
  179  16:00  Viper x2  
  188  16:06  Drone x2  
  180  16:15  Roach x7  
  177  16:21  Drone x6  
  145  16:39  Ravager x10  
  151  16:45  Drone  
  151  16:46  Drone x3  
  153  16:54  Drone x3  
  153  16:56  Spore Crawler  
  153  17:04  Drone x4  
  153  17:05  Drone x4  
  156  17:10  Roach x3, Hydralisk  
  156  17:11  Overlord  
  158  17:22  Infestor x4  
  155  17:23  Infestor  
  163  17:32  Drone x6  
  168  17:41  Roach  
  168  17:42  Roach x4  
  174  17:54  Pathogen Glands  
  174  17:55  Hydralisk x5  
  174  17:57  Ravager  
  174  17:58  Ravager x2  
  182  18:01  Drone x3  
  182  18:02  Drone  
  184  18:14  Roach x5  
  184  18:15  Overlord x2  
  189  18:22  Overlord  
  181  18:43  Hydralisk  
  181  18:44  Roach x6, Hydralisk x2  
  185  19:29  Viper x3  
  188  19:35  Spine Crawler, Drone x5  
  188  19:36  Spine Crawler, Drone x2  
  191  19:39  Spine Crawler  
  188  19:47  Hydralisk  
  188  19:48  Roach x3, Hydralisk x2  
  198  20:02  Adrenal Glands  
  198  20:03  Zerg Melee Weapons Level 3  
  188  20:09  Hydralisk x5  
  188  20:10  Roach  
  188  20:11  Hatchery  
  199  20:22  Hatchery  
  198  20:32  Overlord x2  
  196  20:47  Overlord x3  
  196  20:48  Overlord  
  196  20:51  Hatchery  
  169  21:27  Zergling x44  
  169  21:28  Zergling x18  
  200  21:43  Spine Crawler x2  
  200  21:44  Spine Crawler  
  200  21:45  Spore Crawler  
  180  21:49  Viper x3  
  180  21:52  Hydralisk x7  
  180  21:53  Zergling x6  
  198  21:56  Ultralisk Cavern  
  198  21:58  Extractor x2  
  191  22:03  Overseer x2  
  191  22:10  Extractor x2  
  189  22:25  Neural Parasite  
  182  22:31  Overlord  
  138  22:45  Infestor x2  
  138  22:49  Zergling x2  
  138  22:50  Zergling x44  
  150  22:53  Zergling x16  
  155  23:01  Extractor x2  
  153  23:09  Drone x5  
  153  23:10  Drone x3  
  161  23:13  Drone  
  161  23:14  Drone x5  
  161  23:19  Drone x4  
  171  23:22  Extractor  
  171  23:23  Extractor  
  171  23:24  Spine Crawler  
  168  23:27  Spine Crawler  
  168  23:33  Chitinous Plating  
  167  23:35  Hydralisk  
  167  23:36  Hydralisk x4  
  167  23:38  Drone  
  167  23:39  Drone x7  
  180  23:50  Hatchery  
  180  23:51  Drone x4  
  180  23:52  Drone x2  
  181  23:57  Zergling x12  
  181  23:58  Zergling x8  
  181  24:02  Overlord  
  184  24:06  Overlord  
  184  24:07  Infestor x2  
  180  24:10  Drone x3  
  180  24:11  Drone  
  152  24:45  Ultralisk x3, Zergling x2  
  161  24:46  Zergling x18  
  161  24:52  Hydralisk x7  
  182  25:02  Ultralisk  
  182  25:03  Zergling x18  
  182  25:06  Drone x3  
  200  25:25  Overseer  
  200  25:27  Drone x3  
  188  25:55  Zergling x34  
  188  25:56  Drone, Zergling x4  
  188  25:57  Drone x6  
  156  26:30  Hydralisk x9  
  156  26:32  Infestor x2  
  164  26:35  Drone  
  164  26:36  Drone x2  
  167  26:45  Drone x2  
  157  26:54  Viper  
  157  26:55  Viper x2  
  157  27:00  Hydralisk x3  
  169  27:04  Drone  
  161  27:32  Hatchery  
  146  27:40  Drone x3  
  148  27:45  Ultralisk x2  
  152  28:12  Drone x3  
  151  28:16  Drone x3  
  150  28:21  Roach x6  
  162  28:28  Hatchery  
  162  28:32  Drone  
  162  28:37  Ultralisk x2  
  162  28:38  Hydralisk x2  
  155  28:57  Drone x5  
  155  29:04  Hatchery  
  154  29:24  Drone x3  
  155  29:25  Drone x5  
  159  29:45  Hydralisk  
  159  29:46  Hydralisk x5  
  159  29:51  Hatchery  
  168  29:55  Ravager  
  168  29:56  Ravager x3  
  169  30:18  Drone  
  168  30:23  Hydralisk x5  
  177  30:29  Drone  
  178  30:53  Ultralisk x3  
  196  31:04  Drone x3  
  199  31:43  Zergling x2  
  199  31:44  Zergling x16  
  188  32:02  Extractor  
  188  32:04  Extractor  
  180  32:16  Zergling x40  
  180  32:17  Zergling x4  
Show
View Real Time Build Order
Export as new Build Order

SpeCial Terran 

Build Orders: Liberator Opening 

Get SALT Encoding   

  12  0:00  SCV  
  13  0:12  SCV  
  14  0:17  Supply Depot  
  14  0:25  SCV  
  15  0:39  SCV  
  15  0:40  Barracks  
  16  0:44  Refinery  
  16  0:51  SCV  
  17  1:03  SCV  
  18  1:15  SCV  
  19  1:28  Orbital Command, Marine  
  20  1:40  Command Center  
  20  1:51  Factory  
  20  1:54  SCV  
  21  2:04  Barracks Reactor  
  21  2:07  Supply Depot  
  21  2:08  SCV  
  21  2:12  Refinery  
  22  2:20  SCV  
  23  2:32  SCV  
  24  2:39  Starport  
  24  2:41  Marine x2  
  24  2:43  Widow Mine  
  28  2:45  SCV  
  29  2:52  Orbital Command  
  29  2:57  SCV  
  30  2:58  Marine x2  
  32  3:09  SCV  
  33  3:16  Supply Depot  
  33  3:17  Medivac  
  33  3:19  SCV  
  36  3:21  SCV  
  36  3:24  Hellion  
  36  3:26  Hellion  
  41  3:28  Marine  
  41  3:31  SCV  
  41  3:33  SCV  
  44  3:38  Supply Depot  
  44  3:40  Liberator  
  44  3:41  Armory  
  44  3:45  SCV x2  
  46  3:50  Hellion  
  46  3:52  Hellion  
  50  4:00  Barracks Tech Lab  
  50  4:01  SCV  
  54  4:03  SCV  
  54  4:09  Supply Depot  
  55  4:13  SCV  
  55  4:15  SCV  
  55  4:16  Hellion x2  
  61  4:25  SCV  
  61  4:30  SCV  
  63  4:32  Supply Depot  
  63  4:37  SCV  
  63  4:38  Supply Depot  
  64  4:39  Hellion  
  64  4:42  SCV  
  67  4:46  Hellion  
  67  4:50  SCV  
  70  4:59  SCV  
  71  5:00  Supply Depot  
  71  5:01  Hellion x4  
  71  5:02  SCV  
  72  5:08  Command Center  
  72  5:12  SCV  
  72  5:14  SCV  
  71  5:16  Hellion x2  
  71  5:19  Factory  
  71  5:20  Barracks Reactor  
  69  5:24  SCV  
  69  5:26  SCV  
  69  5:27  Raven  
  65  5:36  SCV  
  65  5:38  SCV  
  65  5:40  Refinery  
  66  5:43  Refinery  
  66  5:45  Terran Vehicle Weapons Level 1  
  66  5:48  SCV  
  64  5:50  SCV  
  64  5:52  Hellion x2  
  69  6:00  Supply Depot, SCV  
  69  6:02  SCV  
  71  6:11  Supply Depot  
  71  6:12  Cyclone x2, SCV  
  71  6:14  SCV  
  79  6:22  Cyclone  
  79  6:24  SCV  
  83  6:26  SCV  
  83  6:31  Hellion  
  83  6:32  Orbital Command  
  80  6:36  SCV  
  80  6:38  SCV  
  82  6:44  Hellion  
  82  6:45  Hellion  
  86  6:48  SCV  
  86  6:51  SCV  
  86  6:52  Hellion  
  86  6:53  Liberator  
  90  6:54  Factory  
  90  6:57  Refinery x2  
  90  6:59  Factory, SCV  
  90  7:00  SCV  
  92  7:01  Factory  
  92  7:02  Hellion  
  92  7:03  SCV  
  92  7:05  Hellion  
  95  7:11  SCV  
  95  7:13  SCV  
  95  7:15  SCV  
  101  7:23  SCV  
  101  7:25  SCV  
  101  7:26  Hellion x3  
  101  7:27  SCV  
  110  7:35  SCV  
  111  7:37  SCV  
  111  7:39  SCV  
  111  7:40  Armory  
  111  7:41  Thor  
  111  7:42  Factory Tech Lab  
  119  7:47  SCV  
  119  7:48  Factory Tech Lab  
  119  7:49  SCV  
  119  7:50  Supply Depot  
  121  7:51  Terran Vehicle Weapons Level 2, Supply Depot, SCV  
  121  7:52  Supply Depot  
  117  7:59  SCV  
  117  8:01  SCV, Hellion x2  
  117  8:05  SCV  
  121  8:11  SCV  
  122  8:13  Hellion  
  122  8:17  Starport Reactor  
  122  8:18  SCV  
  125  8:24  Siege Tank x2, SCV  
  132  8:27  SCV  
  132  8:32  Hellion x5  
  132  8:33  Thor  
  137  8:39  SCV  
  134  8:42  Hellion x2  
  134  8:45  Terran Vehicle And Ship Armor Level 1  
  136  8:48  Supply Depot  
  136  8:50  Supply Depot, Command Center  
  136  8:52  Hellion  
  136  8:55  Hellion  
  140  8:57  Infernal Pre-Igniter  
  140  9:00  Supply Depot  
  140  9:02  Supply Depot  
  140  9:04  Supply Depot  
  140  9:10  Liberator x2, Siege Tank x2, Hellion x2  
  140  9:16  Siege Tank  
  143  9:17  Engineering Bay  
  143  9:21  Hellion x2  
  144  9:30  Supply Depot  
  144  9:31  Supply Depot  
  150  9:32  Hellion  
  150  9:33  Supply Depot  
  150  9:37  Hellion  
  154  9:42  Siege Tank x2, Hellion  
  150  9:54  Siege Tank, Hellion x2  
  150  9:58  Hellion  
  159  10:04  Hellion  
  161  10:07  Command Center  
  161  10:10  Viking x2  
  161  10:15  Sensor Tower  
  161  10:19  Hellion x3  
  167  10:24  Siege Tank  
  167  10:25  Hellion  
  172  10:32  Refinery, Missile Turret  
  172  10:34  Refinery  
  172  10:41  Viking, Hellion x3  
  172  10:42  Viking  
  173  10:46  Hellion, Planetary Fortress  
  173  10:55  Siege Tank, Hellion  
  178  11:01  Hellion  
  178  11:03  Terran Vehicle Weapons Level 3  
  180  11:10  Sensor Tower  
  180  11:11  Missile Turret  
  180  11:12  Missile Turret  
  180  11:16  Siege Tank  
  180  11:21  Hellion x3  
  180  11:22  Hellion  
  176  11:38  Siege Tank  
  176  11:39  Hellion  
  181  11:42  Hellion  
  181  11:45  Viking x2  
  181  11:46  Missile Turret  
  187  11:52  Barracks  
  190  11:59  Missile Turret  
  190  12:00  Hellion  
  196  12:15  Viking x2  
  200  12:17  Siege Tank x2  
  200  12:19  Siege Tank  
  179  12:40  Hellion, Missile Turret  
  181  12:45  Viking x2  
  181  12:49  Siege Tank x2  
  186  13:00  Siege Tank  
  188  13:18  Hellion  
  190  13:21  Siege Tank x2  
  184  13:28  Missile Turret x2  
  184  13:32  Siege Tank, Hellion x2  
  189  13:36  Hellion  
  186  13:44  Hellion  
  167  13:53  Siege Tank x2, Hellion x2  
  173  13:58  Terran Vehicle And Ship Armor Level 2  
  173  13:59  Refinery  
  173  14:03  Missile Turret  
  173  14:04  Siege Tank, SCV  
  173  14:09  Hellion x5  
  173  14:10  Hellion x2  
  173  14:11  Hellion x2  
  173  14:14  SCV  
  178  14:18  Command Center  
  178  14:19  SCV  
  178  14:23  Viking x2  
  183  14:25  Siege Tank x2  
  183  14:29  Sensor Tower  
  183  14:31  SCV, Missile Turret x2  
  189  14:36  Liberator  
  189  14:37  Starport  
  190  14:39  Starport  
  190  14:41  Missile Turret  
  190  14:52  Liberator  
  182  15:22  Missile Turret  
  182  15:23  Missile Turret  
  182  15:27  Siege Tank  
  187  15:29  Starport Tech Lab x2  
  160  15:59  Siege Tank  
  160  16:01  Corvid Reactor, Raven x2  
  160  16:02  Recalibrated Explosives  
  164  16:08  Barracks  
  158  16:13  Planetary Fortress  
  158  16:14  Terran Ship Weapons Level 1  
  146  16:18  Orbital Command  
  146  16:20  SCV  
  143  16:31  Siege Tank  
  146  16:37  SCV x2  
  146  16:38  Viking x2  
  152  16:45  Refinery  
  152  16:46  Missile Turret  
  152  16:48  Sensor Tower  
  152  16:50  Raven  
  154  16:54  Refinery  
  154  16:59  Missile Turret  
  154  17:03  Siege Tank  
  154  17:07  Siege Tank, Missile Turret  
  160  17:09  Factory  
  157  17:15  Factory  
  151  17:27  Viking x2  
  151  17:28  SCV x3  
  158  17:34  Supply Depot  
  158  17:35  Siege Tank  
  161  17:41  Missile Turret  
  161  17:44  Siege Tank  
  161  17:49  Sensor Tower  
  163  17:55  Refinery  
  162  18:00  Factory Tech Lab, Factory Reactor  
  162  18:07  Siege Tank, Raven  
  162  18:12  Missile Turret  
  164  18:17  Hellion  
  166  18:23  SCV x2  
  166  18:26  Missile Turret  
  167  18:27  Refinery  
  164  18:35  Command Center, Hellion  
  164  18:38  Viking x2, Hellion  
  164  18:39  Hellion  
  174  18:42  Missile Turret  
  174  18:47  Hellion x2  
  178  18:51  Liberator  
  173  18:56  Hellion  
  173  18:57  SCV  
  173  18:58  Missile Turret  
  173  19:00  Siege Tank, Missile Turret  
  173  19:01  Siege Tank  
  182  19:04  Raven x2  
  182  19:09  Hellion x2  
  194  19:10  SCV  
  194  19:31  Hellion x2  
  192  19:44  Missile Turret  
  192  19:48  Siege Tank x2  
  192  19:50  Raven  
  199  20:06  Siege Tank  
  200  20:11  Refinery  
  200  20:13  Refinery  
  200  20:14  Missile Turret  
  200  20:21  Missile Turret  
  200  20:22  Missile Turret  
  200  20:32  Viking  
  200  20:49  Sensor Tower, Terran Ship Weapons Level 2  
  200  20:57  Planetary Fortress  
  200  21:03  Missile Turret  
  199  21:04  Command Center  
  199  21:06  Command Center  
  199  21:08  Siege Tank  
  186  21:17  Viking x2, Raven  
  172  21:19  Siege Tank, Hellion  
  176  21:27  Siege Tank  
  176  21:29  Raven  
  179  21:45  SCV x3  
  176  21:48  Missile Turret  
  176  21:50  Hellion x2, Missile Turret  
  176  21:51  Siege Tank  
  177  22:02  Barracks  
  177  22:08  Missile Turret  
  177  22:09  Missile Turret  
  177  22:12  Hellion x2  
  181  22:16  Command Center  
  181  22:19  Command Center  
  181  22:23  Raven  
  181  22:24  Raven  
  181  22:25  Hellion x2  
  189  22:34  Missile Turret  
  174  22:46  Siege Tank x2  
  174  22:50  Hellion x2  
  155  22:59  Hellion  
  155  23:03  Command Center  
  152  23:13  Raven x2  
  152  23:18  Siege Tank  
  159  23:21  Missile Turret  
  159  23:40  Orbital Command  
  159  23:51  Hellion  
  156  24:09  Hellion  
  158  24:25  Hellion  
  147  24:39  Siege Tank  
  147  24:40  Hellion  
  151  25:00  Hellion x2  
  151  25:02  Hellion  
  151  25:06  Missile Turret  
  157  25:07  Raven x2  
  157  25:12  Hellion  
  163  25:21  Hellion  
  163  25:26  Siege Tank  
  163  25:27  Hellion  
  167  25:37  Hellion  
  157  25:59  Siege Tank, Hellion  
  128  26:21  Hellion x2  
  98  27:04  Hellion  
  100  27:58  Hellion x2  
  100  27:59  Hellion  
  100  28:11  Siege Tank  
  97  28:46  Siege Tank  
  90  29:23  Hellion x2  
  94  29:26  Viking  
  96  29:56  Siege Tank, Hellion  
  101  30:18  Hellion  
  103  30:28  Siege Tank  
  106  31:17  Viking  
  104  32:03  Raven x2  
Tags
 
Add a new tag
Caveats
  • Supply blocks, unpowered buildings, or Contaminate may cause inaccurate times.
  • Supply counts are checked every 10 seconds.